 Dungeon Crawl Stone Soup version 0.29-a0-344-ge2f44be95a (console) character file.

Game seed: 15347489364072258564

44 Ignak the Skirmisher (level 3, -4/37 HPs)
             Began as an Ogre Warper on Apr 21, 2022.
             Slain by a goblin
             ... wielding a +0 dagger
             ... led by Robin
              (5 damage)
             ... on level 2 of the Dungeon.
             The game lasted 00:02:16 (1305 turns).

Ignak the Skirmisher (Ogre Warper)                  Turns: 1305, Time: 00:02:16

Health: -4/37      AC:  4    Str: 16 (17) XL:     3   Next: 62%
Magic:  7/7        EV:  9    Int: 11 (14) God:
Gold:   107        SH:  0    Dex:  6 (8)  Spells: 2/7 levels left

rFire   . . .      SeeInvis .   a - +0 mace
rCold   + . .      Faith    .   (no shield)
rNeg    . . .      Spirit   .   b - +0 robe
rPois   .          Reflect  .   (helmet restricted)
rElec   .          Harm     .   n - +0 cloak
rCorr   .          Rampage  .   (gloves unavailable)
Will    .....                   (boots unavailable)
Stlth   +.........              (no amulet)
HPRegen 0.12/turn               e - ring of protection from cold
MPRegen 0.10/turn               (no ring)

@: lethally poisoned (-4 -> -11)
A: large, unfitting armour, tough skin 1
a: no special abilities


You were on level 2 of the Dungeon.
You visited 1 branch of the dungeon, and saw 2 of its levels.

You collected 107 gold pieces.

Inventory:

Hand Weapons
 a - a +0 mace (weapon)
Missiles
 d - 7 boomerangs of dispersal (quivered)
 j - 6 boomerangs
Armour
 b - a +0 robe (worn)
 n - a +0 cloak (worn)
Jewellery
 e - a ring of protection from cold (left hand)
Scrolls
 c - 2 scrolls of blinking
 g - 3 scrolls of teleportation
 h - a scroll of fear {unknown}
 i - a scroll of summoning {unknown}
 k - a scroll of vulnerability {unknown}
 l - 2 scrolls of identify {unknown}
Potions
 m - a potion of might {unknown}


   Skills:
 + Level 3.3 Fighting
 + Level 2.0 Maces & Flails
 + Level 1.5 Throwing
 + Level 2.4 Dodging
 + Level 2.8 Spellcasting
 - Level 3.0 Translocations


You had 2 spell levels left.
You knew the following spells:

 Your Spells              Type           Power      Damage    Failure   Level
a - Teleport Other        Tloc           8%         N/A       24%         3
b - Blink                 Tloc           16%        N/A       12%         2

Your spell library contained the following spells:

 Spells                   Type           Power      Damage    Failure   Level
 Gell's Gravitas          Tloc           8%         N/A       24%         3
 Lesser Beckoning         Tloc           8%         N/A       24%         3
 Manifold Assault         Tloc           8%         N/A       91%         5


Dungeon Overview and Level Annotations

Branches:
Dungeon (2/15)

Altars:

Annotations:
D:2 Robin


Innate Abilities, Weirdness & Mutations

You are too large for most types of armour.
You have tough skin. (AC +1)


Message History

A goblin comes into view. It is wielding a +0 club.
A goblin comes into view. It is wielding a +0 dagger.
The goblin hits you but does no damage. x2
An adder comes into view.
The goblin attacks as you move away! The goblin barely misses you. x2
Items here: ( )) †.
You hit the goblin.
The goblin is severely wounded.
The goblin hits you with a +1 dagger of venom.
The goblin barely misses you. The goblin attacks as you move away!
The goblin hits you with a +1 dagger of venom.
You are poisoned.
You feel very sick.
Press: ? - help, v - describe, . - travel
Here: a goblin, wielding a +0 club (strong)
The floor, spattered with blood.
You completely miss the goblin.
The goblin is severely wounded.
You feel sick.
The goblin hits you with a +1 dagger of venom.
* * * LOW HITPOINT WARNING * * *
You are lethally poisoned!
You barely miss the goblin.
The goblin is severely wounded.
* * * LOW HITPOINT WARNING * * *
You feel very sick. Robin throws the goblin at you!
The goblin hits you but does no damage. The goblin barely misses you.
You closely miss the goblin.
The goblin is severely wounded.
* * * LOW HITPOINT WARNING * * *
You feel very sick. The goblin closely misses you.
The goblin barely misses you.
Unknown command.
It was a potion of degeneration.
There was something very wrong with that liquid.
You feel weakened.
You feel dopey.
You feel clumsy.
* * * LOW HITPOINT WARNING * * *
You feel sick. The goblin hits you with a +0 dagger.
You die...

## #.##
#..############
#gSggg@g......##
#gg######.##.....
##.#
#.##.##########
#g#
#..............
#g#
###............
#.# ##...........


gg. ##.......... ggS #.......... .gg ###.#..#### You could see Robin, an adder
and 6 goblins.

Vanquished Creatures
  2 dart slugs
  An endoplasm (D:2)
  A giant cockroach (D:1)
  5 goblins
  6 hobgoblins (D:1)
  2 jackals (D:1)
  A quokka (D:2)
  6 ball pythons
  4 bats
  2 frilled lizards
  2 kobolds
  4 rats
36 creatures vanquished.

Notes
Turn   | Place    | Note
-------+----------+-------------------------------------------
     0 | D:1      | Ignak the Ogre Warper began the quest for the Orb.
     0 | D:1      | Reached XP level 1. HP: 22/22 MP: 3/3
   340 | D:1      | Reached XP level 2. HP: 27/29 MP: 5/5
   756 | D:1      | Reached XP level 3. HP: 29/37 MP: 7/7
   899 | D:1      | Found a faded altar of an unknown god.
   974 | D:1      | Learned a level 2 spell: Blink
   978 | D:1      | Learned a level 3 spell: Teleport Other
  1295 | D:2      | Noticed Robin
  1305 | D:2      | HP: 1/37 [poisoned by a goblin]
  1305 | D:2      | Slain by a goblin

Illustrated notes

Levels and vault maps discovered:
D:1:      wander_arrival_lonely_grave, layout_rooms,
          ebering_ecumenical_altar_mist, minmay_box_of_dots
D:2:      layout_rooms, uniq_robin

Skill      XL: |  1  2  3 |
---------------+----------+-----
Fighting       | 3 |  3.3
Maces & Flails | 2 |  2.0
Translocations | 3 |  3.0
Throwing       | |  1.5
Dodging        | |  2.4
Spellcasting   | |  2.8

Action                   || total
-------------------------++-------
Melee: Mace              ||   119
  Use: Scroll            ||     1
       Potion            ||     1
Armor: Robe              ||    58
Dodge: Dodged            ||    86

Table legend: (Time is in decaauts)
 A = Elapsed time spent in this place.
 B = Non-inter-level travel time spent in this place.
 C = Inter-level travel time spent in this place.
 D = Time resting spent in this place.
 E = Time spent auto-exploring this place.
 F = Levels seen in this place.
 G = Mean time per level.
                   A        B        C        D        E       F      G
               +--------+--------+--------+--------+--------+-----+--------+
         Total |   1340 |   1312 |     28 |    201 |    657 |   2 |  670.0 |
       Dungeon |   1340 |   1312 |     28 |    201 |    657 |   2 |  670.0 |
               +--------+--------+--------+--------+--------+-----+--------+

Top non-repeatable levels by time:
     D:1: 1025 daAuts
     D:2: 314 daAuts
